 Dungeon Crawl Stone Soup version 0.30-a0-881-g1ff12e1e11 (webtiles) character file.

Game seed: 15011096338917182102

224 jasper the Magician (level 5, -9/22 (24) HPs)
             Began as a Spriggan Venom Mage on Mar 14, 2023.
             Shot with an arrow by a centaur (16 damage)
             ... on level 5 of the Dungeon.
             The game lasted 00:03:00 (1076 turns).

jasper the Magician (Spriggan Venom Mage)           Turns: 1076, Time: 00:03:01

HP:   -9/22 (24)    AC:  2    Str:  4    XL:     5   Next: 67%
MP:   12/14         EV: 17    Int: 19    God:
Gold: 59            SH:  0    Dex: 15    Spells: 1/15 levels left

rFire   . . .      SeeInvis +    (weapon restricted)
rCold   . . .      Faith    .    (no shield)
rNeg    . . .      Spirit   .    a - +0 robe
rPois   .          Reflect  .    (helmet restricted)
rElec   .          Rampage  .    (no cloak)
rCorr   .                        (gloves unavailable)
Will    .....                    (boots unavailable)
Stlth   ++                       (no amulet)
HPRegen 0.23/turn                (no ring)
MPRegen 0.14/turn                (no ring)

@: flying, drained, very quick
A: very small, no large weapons, unfitting armour, see invisible, speed 3
a: no special abilities


You were on level 5 of the Dungeon.
You visited 1 branch of the dungeon, and saw 5 of its levels.

You collected 59 gold pieces.

Inventory:

Armour
 a - a +0 robe (worn)
Potions
 b - a potion of magic
 d - a potion of degeneration
 e - a potion of cancellation
 g - a potion of lignification {unknown}
 h - a potion of mutation {unknown}


   Skills:
 - Level 2.6 Dodging
 - Level 3.0 Stealth
 + Level 5.5 Spellcasting
 - Level 1.3 Transmutations
 + Level 5.0 Poison Magic


You had one spell level left.
You knew the following spells:

 Your Spells              Type           Power      Damage    Failure   Level
a - Sting                 Tmut/Pois      68%        1d6       3%          1
b - Poisonous Vapours     Pois/Air       28%        N/A       6%          2
c - Olgreb's Toxic Radia  Pois           24%        N/A       14%         4
d - Mephitic Cloud        Conj/Pois/Air  11%        N/A       19%         3
e - Iskenderun's Mystic   Conj/Tloc      5%         2d3       75%         4

Your spell library contained the following spells:

 Spells                   Type           Power      Damage    Failure   Level
 Kindle Blastsparks       Fire/Tloc/Air  10%        2d10      34%         3
 Fulminant Prism          Conj/Hex       2%         3d5       75%         4
 Lee's Rapid Deconstruct  Erth           2%         3d5*      97%         5


Dungeon Overview and Level Annotations

Branches:
Dungeon (5/15)
 Temple: D:4-7

Altars:
Makhleb

Annotations:
D:4 Grinder


Innate Abilities, Weirdness & Mutations

You are very small and have problems with some larger weapons.
You are too small for most types of armour.
You have supernaturally acute eyesight. (SInv)
You cover ground extremely quickly. (Speed+++)


Message History

You now have 6/13 mp.
Aiming: Sting (safe; 3% risk of failure)
Press: ? - help, Q - select action, (/) - cycle Shift-Dir - straight line, f/p - adder
Aim: an adder (severely wounded, very poisoned, 57% to hit)
The sting misses the adder.
You kill the adder!
You now have 5/14 mp.
You hear the slow hiss of an avalanche of sand.
You hear the slow hiss of an avalanche of sand.
Magic restored.
Things that are here:
an adder corpse; an adder corpse
c - a fuming red potion MP restored: 14 The centaur wields a +2 shortbow of draining.
You sense an unholy aura.
The centaur shoots an arrow.
The arrow completely misses you.
You hear a shout!
Casting: Sting (safe; 3% risk of failure)
Confirm with . or Enter, or press ? or * to list all spells.
Aiming: Poisonous Vapours (safe; 6% risk of failure)
Press: ? - help, Dir - move target, f - centaur
Aim: a centaur, wielding a +2 shortbow of draining Poisonous vapours surround the centaur!
The centaur is poisoned.
The centaur shoots an arrow.
The arrow hits you!
Ouch! That really hurt!
You feel drained.
* * * LOW HITPOINT WARNING * * *
You take 18 damage, and have 6/22 hp.
MASSIVE DAMAGE!!
You now have 12/14 mp.
Casting: Poisonous Vapours (safe; 6% risk of failure)
Confirm with . or Enter, or press ? or * to list all spells.
Okay, then.
Casting: Poisonous Vapours (safe; 6% risk of failure)
Confirm with . or Enter, or press ? or * to list all spells.
Okay, then.
It was a potion of flight.
You feel very buoyant.
You fly up into the air.
The centaur shoots an arrow.
The arrow hits you!
Ouch! That really hurt!
You die...

#.#... .. ###....##
..... .. ####..#
......# ###.###
......#### #.....#
.:.......## #.....#
.......c..# #.....#
#.........### #.....#
............######.###
#.####........@#...# #
#.........#.###
#.........#.#
#.........#.#
###..#.####.#
##..#.####.#
##......##..#
.........#..##
.8.#..#8.#.##


You could see a centaur.

Vanquished Creatures
  Sigmund (D:4)
  Natasha (D:4)
  3 adders
  4 ball pythons
  An endoplasm (D:1)
  A goblin (D:1)
  A hobgoblin (D:4)
  2 jackals (D:1)
  A bat (D:3)
15 creatures vanquished.

Notes
Turn   | Place    | Note
-------+----------+-------------------------------------------
     0 | D:1      | jasper the Spriggan Venom Mage began the quest for the Orb.
     0 | D:1      | Reached XP level 1. HP: 9/9 MP: 5/5
   314 | D:2      | Found a faded altar of an unknown god.
   376 | D:3      | Reached XP level 2. HP: 13/13 MP: 4/7
   379 | D:3      | Learned a level 2 spell: Poisonous Vapours
   435 | D:3      | Found a burning altar of Makhleb.
   563 | D:4      | Noticed Sigmund
   619 | D:4      | Killed Sigmund
   620 | D:4      | Reached skill level 5 in Spellcasting
   620 | D:4      | Reached XP level 3. HP: 1/16 MP: 0/10
   620 | D:4      | Reached XP level 4. HP: 2/21 MP: 0/12
   620 | D:4      | Reached XP level 5. HP: 2/24 MP: 0/13
   727 | D:4      | Learned a level 4 spell: Olgreb's Toxic Radiance
   731 | D:4      | Learned a level 3 spell: Mephitic Cloud
   736 | D:4      | Learned a level 4 spell: Iskenderun's Mystic Blast
   749 | D:4      | Noticed Grinder
   805 | D:4      | Noticed Natasha
   823 | D:4      | Killed Natasha
   927 | D:4      | Noticed a lemure
   934 | D:5      | Entered Level 5 of the Dungeon
   966 | D:5      | Noticed a centaur
   972 | D:5      | Reached skill level 5 in Poison Magic
  1076 | D:5      | Shot with an arrow by a centaur

Illustrated notes

Levels and vault maps discovered:
D:1:      kilobyte_arrival_exit_the_forest, layout_basic
D:2:      layout_basic, nicolae_ecumenical_oubliette, uniq_jessica
D:3:      layout_rooms, nicolae_overflow_crystal_walls
D:4:      layout_rooms, mainiacjoe_overflow_concentric_impassable, temple_green,
          uniq_grinder, uniq_ijyb, uniq_sigmund, uniq_pikel, uniq_menkaure,
          uniq_natasha
D:5:      wad_river_or_something, layout_rooms,
          lightli_ossuary_entry_decrepit_ruins

Skill      XL: |  1  2  3  4  5 |
---------------+----------------+-----
Spellcasting   | 3 5 |  5.5
Poison Magic   | 4 5 |  5.0
Dodging        | |  2.6
Stealth        | |  3.0
Transmutations | |  1.3

Action                     |  1- 3 |  4- 6 || total
---------------------------+-------+-------++-------
   Cast: Sting             |    14 |    11 ||    25
         Poisonous Vapours |     6 |     9 ||    15
    Use: Scroll            |       |     3 ||     3
         Potion            |       |     1 ||     1
  Dodge: Dodged            |     2 |     4 ||     6

Table legend: (Time is in decaauts)
 A = Elapsed time spent in this place.
 B = Non-inter-level travel time spent in this place.
 C = Inter-level travel time spent in this place.
 D = Time resting spent in this place.
 E = Time spent auto-exploring this place.
 F = Levels seen in this place.
 G = Mean time per level.
                   A        B        C        D        E       F      G
               +--------+--------+--------+--------+--------+-----+--------+
         Total |    846 |    839 |      7 |    180 |    460 |   5 |  169.2 |
       Dungeon |    846 |    839 |      7 |    180 |    460 |   5 |  169.2 |
               +--------+--------+--------+--------+--------+-----+--------+

Top non-repeatable levels by time:
     D:4: 364 daAuts
     D:1: 205 daAuts
     D:5: 121 daAuts
     D:3: 112 daAuts
     D:2: 42 daAuts
